Cogmind - Beta 15 *** ADVENTURER MODE // 2025.07.29 @ 08:10:23 Player: LegoMDS Result: Destroyed by 0R-7R9(R) with Subdweller Machine Gun Performance ------------- Evolutions (0) 0 Regions Visited (2) 400 Robots Destroyed (31) 155 Value Destroyed (736) 736 Prototype IDs (2) 40 Alien Tech Used (0) 0 Bonus (0) 0 TOTAL SCORE: 1331 Bonus ------- None Cogmind --------- Core Integrity 0/250 Matter 280/300 Energy 200/200 System Corruption 0% Temperature Cool (0) Movement Rolling (110) Location -10/Subcaves Parts ------- > --- POWER (1) -------- Subdweller Power Source > --- PROPULSION (2) --- Subdweller Monowheel Subdweller Monowheel > --- UTILITY (2) ------ Medium Storage Unit Light Armor Plating > --- WEAPON (2) ------- Subdweller Machine Gun Subdweller Machine Gun > --- INVENTORY (10) --- Subdweller Power Source Subdweller Monowheel Improved Heat Sink Weight Redist. System EM Pulse Gun Subdweller Machine Gun Light Cannon Battle Cannon Mining Claw Peak State ------------ > --- POWER ------------ Subdweller Power Source > --- PROPULSION ------- Subdweller Monowheel Subdweller Monowheel > --- UTILITY ---------- Improved Heat Sink Medium Storage Unit > --- WEAPON ----------- Particle Gun Subdweller Machine Gun > --- INVENTORY -------- Light Ion Engine Flight Unit Flight Unit Flight Unit Weight Redist. System Light Armor Plating EM Pulse Gun Medium Laser Light Cannon Mining Claw [Rating: 15] Favorites ----------- Power Subdweller Power Source Engine Subdweller Power Source Propulsion Aluminum Leg Leg Aluminum Leg Wheel Subdweller Monowheel Utility Medium Storage Unit Device Improved Heat Sink Storage Medium Storage Unit Protection Light Armor Plating Weapon Subdweller Machine Gun Energy Gun Particle Gun Ballistic Gun Subdweller Machine Gun Build | -11 -10 -10 ------- Run | Yrd Mat Sub Slots Evolved . | . . . Power . | . . . Propulsion . | . . . Utility . | . . . Weapon . | . . . Parts Attached 27 | 6 13 8 Power 6 | 1 3 2 Engine 6 | 1 3 2 Core . | . . . Reactor . | . . . Propulsion 7 | 2 3 2 Treads . | . . . Leg 5 | 2 3 . Wheel 2 | . . 2 Hover . | . . . Flight . | . . . Utility 5 | 1 3 1 Device 2 | . 2 . Storage 2 | 1 1 . Processor . | . . . Hackware . | . . . Protection 1 | . . 1 Artifact . | . . . Weapon 9 | 2 4 3 Energy Gun 3 | 1 2 . Energy Cannon . | . . . Ballistic Gun 6 | 1 2 3 Ballistic Cannon . | . . . Launcher . | . . . Special Weapon . | . . . Impact Weapon . | . . . Slashing Weapon . | . . . Piercing Weapon . | . . . Special Melee Weapon . | . . . Unidentified Prototypes . | . . . Parts Lost 5 | . 3 2 Power 1 | . 1 . Propulsion 3 | . 1 2 Utility . | . . . Weapon 1 | . 1 . Highest Loss Streak 2 | . 2 2 To Critical Strikes . | . . . Average Backups 8 | 1 8 9 Power . | . 1 1 Propulsion 2 | . 2 2 Utility 1 | . 1 2 Weapon 3 | . 3 4 Tool/Special . | . . . Unused Backups 11 | . 1 10 Power 1 | . 1 . Propulsion 4 | . . 4 Utility 1 | . . 1 Weapon 5 | . . 5 Tool/Special . | . . . Average Slot Usage (%) 96 | . 95 98 Engine 13 | . 13 14 Leg 20 | . 27 2 Wheel 6 | . . 23 Device 8 | . 11 2 Storage 14 | . 14 14 Protection 3 | . . 11 Energy Gun 10 | . 13 2 Ballistic Gun 17 | . 14 25 Peak Build Rating 15 | 6 13 15 Average Rating 10 | 4 10 12 On Entrance 6 | . 6 13 Naked Turns . | . . . Heaviest Build 26 | 12 23 26 Greatest Support 40 | 20 20 40 Greatest Overweight (x) 7 | . 1 7 Average Overweight (x) . | . . . Largest Inventory Capacity 10 | 8 10 10 Average Capacity 9 | 6 9 10 Most Carried 10 | 4 10 10 Average Carried 8 | 1 8 9 Final Capacity 10 | 8 10 10 Final Carried 10 | 2 10 9 Class Distribution -------------------- 78% | Scavenger-Mutant 21% | Mutant Dominant Class ---------------- Scavenger-Mutant | -10/Materials Scavenger-Mutant | -10/Subcaves Resources | -11 -10 -10 ----------- Run | Yrd Mat Sub Matter Collected 567 | 171 290 106 Remotely . | . . . Salvage Created 979 | . 855 124 Parts 68 | . 54 14 Haulers Intercepted 2 | . 2 . Recyclers Shooed . | . . . Parts Field Recycled . | . . . Retrieved Matter . | . . . Parts Self-Destructed 10 | . . 10 Prevented . | . . . Kills | -11 -10 -10 ------- Run | Yrd Mat Sub Combat Hostiles Destroyed 23 | . 18 5 Guns 23 | . 18 5 Classes Destroyed 7 | . 7 . Worker 2 | . 2 . Hauler 2 | . 2 . Recycler 1 | . 1 . Watcher 3 | . 3 . Swarmer 7 | . 6 1 Grunt 10 | . 10 . Subdweller 6 | . 2 4 Best Kill Streak 4 | . 4 3 Combat Bots Only 3 | . 3 3 Max Kills in Single Turn 2 | . 2 1 Gunslinging 1 | . 1 . Exploded . | . . . Melee . | . . . Uniques/NPCs Destroyed . | . . . Combat | -11 -10 -10 -------- Run | Yrd Mat Sub Hostile Shots Fired 178 | . 124 54 Missed 57 | . 37 20 Hits 121 | . 87 34 Projectile 121 | . 87 34 AOE 2 | . . 2 Critical Strikes 1 | . 1 . Damage Taken 1246 | . 787 459 Core 254 | . 144 110 Absorbed by Shields . | . . . Ignored by Resistances 383 | . 248 135 Regen/Repaired (Parts) 49 | . 49 . Core Remaining (%) 100 | 100 . . Volleys Fired 89 | . 72 17 Largest 2 | . 2 2 Hottest 95 | . 85 95 Shots Fired 160 | . 126 34 Gun 160 | . 126 34 Cannon . | . . . Launcher . | . . . Special . | . . . Kinetic 95 | . 72 23 Thermal 65 | . 54 11 Explosive . | . . . Electromagnetic . | . . . Robot Hit Streak 23 | . 22 23 Robot Miss Streak 3 | . 3 2 Penetration Max . | . . . Secondary Targets 7 | . 7 . Max Gunslinging Chain 1 | . 1 . Shots Hit Robots 126 | . 97 29 Core Hits 58 | . 48 10 Critical Kills . | . . . Critical Parts Destroyed . | . . . Critical Strikes 3 | . 3 . Burn 3 | . 3 . Melee Attacks . | . . . Impact . | . . . Slashing . | . . . Piercing . | . . . Sneak Attacks . | . . . Combat Hostiles . | . . . Follow-up Attacks . | . . . Damage Inflicted 1763 | . 1178 585 Guns 1763 | . 1178 585 Cannons . | . . . Explosions . | . . . Melee . | . . . Ramming . | . . . Kinetic 912 | . 499 413 Thermal 851 | . 679 172 Explosive . | . . . Electromagnetic . | . . . Impact . | . . . Slashing . | . . . Piercing . | . . . Highest Corruption . | . . . Average Corruption . | . . . Corruption Purged . | . . . Corruption Blocked . | . . . Overload Shots . | . . . Overflow Damage . | . . . Projectiles . | . . . Explosions . | . . . Melee . | . . . Knockbacks . | . . . Impact . | . . . Kinetic . | . . . Secondary . | . . . Self-Inflicted Damage . | . . . Shots . | . . . Rammed . | . . . Targets Rammed . | . . . Kicked . | . . . Crushed . | . . . Highest Temperature 361 | . 361 . Average Temperature 90 | . 90 . Received Heat Transfer 546 | . 432 114 Siege Activations . | . . . Martial Activations . | . . . Shielding Activations . | . . . Robots Disrupted . | . . . Combat Hostiles . | . . . Robots Corrupted . | . . . Combat Hostiles . | . . . Parts Fried . | . . . Impact Corruptions . | . . . Robots Melted . | . . . Combat Hostiles . | . . . Parts Melted 2 | . 2 . Heat Transferred 2234 | . 1827 407 Parts Sabotaged . | . . . Parts Stolen . | . . . Parts Stripped . | . . . Power Chain Reactions . | . . . Alert | -11 -10 -10 ------- Run | Yrd Mat Sub Maximum Alert Level . | . . . Low Security (%) 100 | 100 100 . Level 1 . | . . . Level 2 . | . . . Level 3 . | . . . Level 4 . | . . . Level 5 . | . . . High Security . | . . . Max Security . | . . . Peak Influence 111 | . 111 . Initial . | . . . Average 40 | . 42 . Influence Increases 509 | . 459 50 Destroy 0b10 Robot/C 340 | . 320 20 Destroy 0b10 Robot/NC 40 | . 40 . Destroy Leader 70 | . 70 . Successful Hack 28 | . 28 . Destroy Structure 1 | . 1 . Lose Combat Pursuer 30 | . . 30 Influence Decreases 469 | . 459 10 Time Decay 439 | . 429 10 Lost Part 30 | . 30 . Squads Dispatched 2 | . 2 . Investigation 2 | . 2 . Extermination . | . . . Reinforcement . | . . . Assault . | . . . Garrison . | . . . Intercept . | . . . Searches Triggered . | . . . Construction Impeded . | . . . Haulers Reinforced . | . . . Active Scanning Responses . | . . . Cargo Convoy Interrupts . | . . . Stealth | -11 -10 -10 --------- Run | Yrd Mat Sub Distress Signals 1 | . 1 . Communications Jammed . | . . . Distress Signals . | . . . Times Spotted 36 | . 26 10 Peak Tracking Total 5 | . 5 3 Tactical Retreats 2 | . . 2 Traps | -11 -10 -10 ------- Run | Yrd Mat Sub Traps Triggered 1 | . 1 . Indirectly . | . . . Trap Hack Attempts . | . . . Triggered . | . . . Disarmed . | . . . Reprogrammed . | . . . Reused . | . . . Traps Extracted . | . . . Installed . | . . . Triggered . | . . . Machines | -11 -10 -10 ---------- Run | Yrd Mat Sub Machines Disabled . | . . . Max in Single Turn . | . . . Machines Repaired . | . . . Machines Dismantled . | . . . Machines Sabotaged . | . . . Overloaded Fab Kills . | . . . Hacking | -11 -10 -10 --------- Run | Yrd Mat Sub Machines Accessed 6 | . 6 . Terminals 5 | . 5 . Fabricators . | . . . Repair Stations 1 | . 1 . Recycling Units . | . . . Scanalyzers . | . . . Garrison Access . | . . . Total Hacks 16 | . 16 . Successful 9 | . 9 . Failed 7 | . 7 . Catastrophic 2 | . 2 . Database Lockouts . | . . . Manual . | . . . Terminals 14 | . 14 . Fabricators . | . . . Repair Stations 2 | . 2 . Recycling Units . | . . . Scanalyzers . | . . . Garrison Access . | . . . Terminal Hacks 7 | . 7 . Prototype ID Bank 1 | . 1 . Emergency Access Points 1 | . 1 . Hauler Manifests 1 | . 1 . Registered Prototypes 1 | . 1 . Zone Layout 3 | . 3 . Fabricator Hacks . | . . . Repair Station Hacks 2 | . 2 . Scan Component 1 | . 1 . Repair 1 | . 1 . Recycling Unit Hacks . | . . . Scanalyzer . | . . . Garrison Access Hacks . | . . . Unauthorized Hacks . | . . . Terminals . | . . . Fabricators . | . . . Repair Stations . | . . . Recycling Units . | . . . Scanalyzers . | . . . Garrison Access . | . . . Data Cores Recovered . | . . . Used . | . . . Hacking Detections 6 | . 6 . Full Trace Events 1 | . 1 . Feedback Events . | . . . Feedback Blocked . | . . . Robot Schematics Acquired . | . . . Robots Built . | . . . Authchips . | . . . Time . | . . . Total Robot Build Rating . | . . . Part Schematics Acquired . | . . . Parts Built . | . . . Authchips . | . . . Time . | . . . Total Part Build Rating . | . . . Parts Repaired 1 | . 1 . Time 32 | . 32 . Parts Recycled . | . . . Recycled Matter . | . . . Retrieved Matter . | . . . Retrieved Components . | . . . Parts Scanalyzed . | . . . Part Schematics Acquired . | . . . Parts Damaged . | . . . Bothacking | -11 -10 -10 ------------ Run | Yrd Mat Sub Used RIF Installer . | . . . Robots Hacked . | . . . Non-combat . | . . . Combat . | . . . Robot Hacks Applied . | . . . Relay Couplers Released . | . . . Fabnet Peak Effective % . | . . . Robots Rewired . | . . . Allies Hacked . | . . . Hacks Repelled . | . . . Allies | -11 -10 -10 -------- Run | Yrd Mat Sub Total Allies . | . . . Largest Group . | . . . Highest-Rated Group . | . . . Highest-Rated Ally . | . . . Total Orders . | . . . Ally Attacks . | . . . Total Damage . | . . . Kills . | . . . Allies Corrupted . | . . . Allies Melted . | . . . Intel | -11 -10 -10 ------- Run | Yrd Mat Sub Active Infowar (turns) . | . . . Robot Analysis Total . | . . . Derelict Logs Recovered . | . . . Drone Launches . | . . . Drone Recoveries . | . . . Exploration | -11 -10 -10 ------------- Run | Yrd Mat Sub Turns Passed 1575 | 64 1074 437 Spaces Moved 957 | 50 589 318 Core 14 | 13 . 1 Treads . | . . . Legs 642 | 37 589 16 Wheels 301 | . . 301 Hover . | . . . Flight . | . . . Fastest Speed 50 | 50 120 110 Average Speed 126 | 101 134 115 Slowest Speed 400 | 120 190 400 Overloaded Moves . | . . . Propulsion Burnouts . | . . . Robots Hopped . | . . . Potential Cave-ins . | . . . Cave-ins Triggered . | . . . Exploration Rate (%) 34 | 4 78 21 Regions Visited 2 Branch Regions 1 Pre-discovered Areas . | . . . Known Exits Taken . | . . . Unknown Exits Taken 2 | 1 1 . Scrap Searched 1 | . . 1 Spaces Dug . | . . . Terrain Destroyed 1 | . . 1 Melee . | . . . Projectile 1 | . . 1 AOE . | . . . Terrain Rammed . | . . . Walls Destroyed . | . . . Machines Disabled . | . . . Actions | -11 -10 -10 --------- Run | Yrd Mat Sub Total 1182 | 63 760 359 Wait 61 | . 61 . Move 955 | 49 588 318 Hop . | . . . Pick Up 28 | 8 16 4 Fast Attach 4 | . 1 3 Attach 10 | 6 4 . Detach . | . . . Swap 15 | . 9 6 Drop 20 | . 9 11 Fire 89 | . 72 17 Melee . | . . . Ram . | . . . Kick . | . . . Crush . | . . . Escape Stasis . | . . . Rewire . | . . . Trap . | . . . Miscellaneous . | . . . Route ------- -11/Scrapyard -10/Materials (discovered 4 exits: [*Mat x2] / [*Min] / [*Sub]) -10/Subcaves (discovered 1 exit: [*Mat]) History --------- Turn | Location | Event 7 | -11/Scrapyard | Discovered new exit (range 15) 65 | -11/Scrapyard | Entered Materials 116 | -10/Materials | Discovered new exit (range 7) 303 | -10/Materials | Build established: Mutant 419 | -10/Materials | Discovered new exit (range 16) 648 | -10/Materials | Repaired Particle Gun 665 | -10/Materials | Derelicts attacked the area 669 | -10/Materials | Build established: Scavenger-Mutant 804 | -10/Materials | Discovered new exit (range 14) 880 | -10/Materials | Core integrity fell below 50% 968 | -10/Materials | Discovered new exit (range 11) 1139 | -10/Materials | Entered Subcaves 1186 | -10/Subcaves | Ambushed by Subdweller buried in earth 1198 | -10/Subcaves | Core integrity fell below 20% 1501 | -10/Subcaves | Discovered new exit (range 16) 1519 | -10/Subcaves | Shifting Twisted Machinery released Sub. Laser 1576 | -10/Subcaves | Destroyed by 0R-7R9(R) with Subdweller Machine Gun Last Messages --------------- Dropped Med. Laser. Acquired Battle Cannon. Dropped Sub. Machine Gun. Dropped Sub. Power Source. Acquired 12 matter. Acquired 7 matter. UY-BDH(R) destroyed. Acquired 5 matter. Dropped Sub. Machine Gun. Acquired 10 matter. Dropped Flight Unit. Acquired Sub. Monowheel. Acquired Sub. Machine Gun. EXIT=FOUND Sub. Laser falls loose from the Twisted Machinery. Destroyed Flight Unit. S-10 Pest destroyed. XA-OQ6(R) destroyed. Destroyed Autobeam. Map ----- +----------------------------------------------------+ | ?????????????????????????????????????????????????? | | ?????????????????????????????????????????????????? | | ?????????????????????????????????????????????????? | | ?????????????????????????????????????????????????? | | ?????????????????????????????????????????????????? | | ?????????????????????????????????????????????????? | | ?????????????????????????????????????????????????? | | ?????????????????????????????????????????????????? | | ?????????????????????????????????????????????????? | | ?????????????????????????????????????????????????? | | ?????????????????????????????????????????????????? | | ????????????????? ?????????????????????????????? | | ??????????????? ????????????????????????????? | | ?????????????" t ????????????????????????????? | | ?????????????"% ????????????????????????????? | | ??????????????% ???????????????????????????? | | ??????????????? ???#???????????????????????? | | ???????????????"; ; ### ???????????????????????? | | ????????????????#" ;; ???????????????????????? | | ????????????????# ;; ;;R #???????????????????????? | | ?????????????????#;; & ####????????????????????? | | ?????????????????#;; &%[## ##???????????????????? | | ?????????????????#" &=*=;## #???????????????????? | | ?????????????????## &%&] #????????????????????? | | ?????????????????#" !! ######???????????????? | | ?????????????????## ###@ ## ##??????????????? | | ??????????????????????## ##?????????????? | | ??????????????????????# ##????????????? | | ?????????????????????## ### #????????????? | | ????????????????????## ### ######?????### | | ????????????????????# ## ####### " | | ????????????????????# # ## " | | ????????????????????# | | ???????????????????## ## < | | ??????????????????## ## ### ### # # | | ?????????????????## ## #?# ### #### " | | ?????????????????# ### ### ##?## ### # | | ?????????????????# #?###?## ##??# "" | | ?????????????????# ## ##?????####???## "# | | ?????????????????# ### #????????????# ## "" | | ?????????????????# ## ####??############ ##### | | ??????????????????# ##???## # # ???? | | ??????????????????# ##### # ??? | | ??????????????????# ## ## #? ??? | | ??????????????????# #?######?? | | ??????????????????# ##?## ??? | | ??????????????????###### ######?## #??## | | ???????????????????##### #####?## #### | | ??????????????????## ## ### | | ?????????????????## | +----------------------------------------------------+ Best States ------------- Heat Dissipation 39 Energy Generation 15 Energy Capacity 250 Matter Stores 300 Matter Capacity 300 Sight Range 16 Terrain Scan Density 10 Armor Coverage 150 Resistance: KI 20 Resistance: TH 20 Resistance: EX 20 Resistance: EM 20 Resistance: I 20 Resistance: S 20 Resistance: P 20 Evasion (%) 55 Offensive Hacking 10 Item Schematics ----------------- None Robot Schematics ------------------ None Fabricated ------------ Nothing Repaired ---------- Particle Gun | 34% | -10/Materials Alien Tech Used ----------------- None Achievements -------------- None Challenges ------------ None Game ------ Seed ScanCannonCorpse Manual? 0 Play Time 00:13:21 Cumulative 86.7 hours Start 2025.07.29 @ 07:57:36 End 2025.07.29 @ 08:10:23 Sessions 1 Manual Loads 0 Difficulty Adventurer Special Mode None Game No. 116 Rogue 13 Adventurer 103 Explorer 0 Win Type - Total 0 Types 0/0/0/0/0/0/0/0/0/0 Lore% 64 Gallery% 59 Achievement% 46 Wizard Run 0 Options --------- Layout 1 ASCII 0 Keyboard 0 Movement Mouse Keybinds 0 Fullscreen 1 Font 32/SmallcapsGlow Map View 50x35 Zoom Use 0% Tactical HUD 0 Map Filters NONE Filters NONE Steam 1 RUN: d25e754c-ce40-42a2-bb59-3087cb573cc6